[Event "Titled Tuesday Blitz November 08 Early 2022"]
[White "Terzi, Alexei"]
[Black "Broca Jimenez, Fernando"]
[WhiteFideId "13505076"]
[BlackFideId "5104742"]
[WhiteElo "2172"]
[BlackElo "2062"]
[Result "1-0"]
[Round "01"]
[TimeControl "180+1"]
[Date "2022.11.09"]
[WhiteClock "0:00:11"]
[BlackClock "0:00:12"]

1. e4 c5 2. Nc3 g6 3. Nge2 Bg7 4. d4 cxd4 5. Nxd4 Nc6 6. Be3 d6 7. Qd2 Nf6 8. f3 O-O 9. O-O-O d5 10. exd5 Nxd5 11. Nxc6 bxc6 12. Bd4 Bxd4 13. Qxd4 Qb6 14. Na4 Qc7 15. Nc5 Bf5 16. g4 Bc8 17. c4 Nf6 18. h4 Bb7 19. Be2 Rad8 20. Qe3 Bc8 21. h5 Rxd1+ 22. Rxd1 Rd8 23. Rxd8+ Qxd8 24. h6 Qd6 25. a3 Nd7 26. Nxd7 Qxd7 27. Qe5 f6 28. Qc5 Kf7 29. Kc2 Qc7 30. Qe3 Be6 31. f4 f5 32. g5 Qd6 33. Kc3 c5 34. Bf3 a5 35. Qe5 Qxe5+ 36. fxe5 Ke8 37. Kb3 Kd7 38. Be2 Kc7 39. Ka4 Kb6 40. b4 f4 41. bxa5+ Ka6 42. Kb3 Bf5 43. Bf3 Bd3 44. Kc3 Bb1 45. Bd5 Bf5 46. Bg8 Bg4 47. Bxh7 f3 48. Bxg6 f2 49. Bd3 Bf5 50. Bf1 Bh7 51. Kd2 Kxa5 52. Ke3 Ka4 53. Kxf2 Kxa3 54. Ke3 Kb4 55. Bd3 Bxd3 56. Kxd3 Kb3 57. h7 1-0


[Site "https://www.chess.com"]

[Event "Titled Tuesday Blitz November 08 Early 2022"]
[White "Tharushi, T H D Niklesha"]
[Black "Mortazavi, Ali"]
[WhiteFideId "9918264"]
[BlackFideId "401323"]
[WhiteElo "1596"]
[BlackElo "2339"]
[Result "0-1"]
[Round "01"]
[TimeControl "180+1"]
[Date "2022.11.09"]
[WhiteClock "0:00:07"]
[BlackClock "0:00:04"]

1. e4 c6 2. d4 d5 3. e5 Bf5 4. Bd3 Bxd3 5. Qxd3 e6 6. c3 c5 7. Nd2 Nc6 8. Ne2 Qb6 9. Nf3 Rc8 10. O-O cxd4 11. Nexd4 Nge7 12. Nb5 Nf5 13. g4 Nh6 14. Be3 Qd8 15. h3 a6 16. Nbd4 Be7 17. b4 Qc7 18. Nxc6 Qxc6 19. Rac1 b5 20. Nd4 Qc4 21. Qxc4 Rxc4 22. f4 Kd7 23. f5 Rhc8 24. Bxh6 gxh6 25. fxe6+ fxe6 26. Ne2 Bg5 27. Rf7+ Kc6 28. Rcf1 Be3+ 29. Kg2 d4 30. R1f6 Kd5 31. cxd4 Bxd4 32. Nxd4 Rxd4 33. Rxh6 Rc2+ 34. Kg3 Kxe5 35. Rhxh7 Rxa2 36. Rh5+ Kd6 37. Rhh7 Rxb4 38. Rd7+ Ke5 39. Rh5+ Ke4 40. Rd6 Ra3+ 41. Kh4 Rbb3 42. Rxe6+ Kd3 43. Kg5 Kc2 44. h4 b4 45. Rc6+ Rc3 46. Rb6 b3 47. Kh6 b2 48. g5 Rab3 49. Rxa6 b1=Q 50. g6 Qc1+ 51. Rg5 Rb5 52. g7 Rxg5 53. hxg5 Rh3+ 54. Kg6 Rg3 55. Ra5 Qf4 56. g8=Q Qe4+ 57. Rf5 Rxg5+ 58. Kxg5 Qg2+ 59. Kf6 Qxg8 60. Ke5 Kd3 61. Rf3+ Ke2 62. Rf5 Qe8+ 63. Kf6 Qd7 64. Kg6 Ke3 65. Rg5 Kf4 66. Rh5 Qe6+ 67. Kh7 Kg4 68. Rh6 Qf7+ 69. Kh8 Kg5 70. Ra6 Qf8+ 71. Kh7 Qf5+ 72. Kh8 Qe5+ 73. Kh7 Qd5 74. Ra7 Qf5+ 75. Kg8 Qe6+ 76. Kh7 Kh5 77. Rg7 Qf5+ 78. Kh8 Kh6 79. Kg8 Qc8+ 80. Kf7 Qc7+ 81. Kg8 Qxg7# 0-1


[Site "https://www.chess.com"]

[Event "Titled Tuesday Blitz November 08 Early 2022"]
[White "Thomforde-Toates, Noah"]
[Black "Barash, Anton"]
[WhiteFideId "30951992"]
[BlackFideId "30935229"]
[WhiteElo "2607"]
[BlackElo "2243"]
[Result "1-0"]
[Round "01"]
[TimeControl "180+1"]
[Date "2022.11.09"]
[WhiteClock "0:00:14"]
[BlackClock "0:00:03"]

1. d4 Nf6 2. Nc3 g6 3. Bf4 Bg7 4. e3 O-O 5. h4 d6 6. h5 gxh5 7. Be2 Bg4 8. Qd3 c5 9. f3 Be6 10. d5 Bd7 11. g4 b5 12. g5 c4 13. Qd2 Ne8 14. Rxh5 Qa5 15. a3 Na6 16. Nh3 Nc5 17. Nf2 b4 18. Ncd1 Rb8 19. Bxc4 Bf5 20. Nd3 Nc7 21. Nxc5 dxc5 22. Bd3 Bxd3 23. Qxd3 bxa3+ 24. Kf2 h6 25. gxh6 Bf6 26. Rxa3 Qb4 27. Bxc7 1-0


[Site "https://www.chess.com"]

[Event "Titled Tuesday Blitz November 08 Early 2022"]
[White "Timofeev, Artyom"]
[Black "Gracia Alvarez, Gerardo Antonio"]
[WhiteFideId "4140419"]
[BlackFideId "5109124"]
[WhiteElo "2586"]
[BlackElo "2139"]
[Result "1-0"]
[Round "01"]
[TimeControl "180+1"]
[Date "2022.11.09"]
[WhiteClock "0:01:26"]
[BlackClock "0:00:24"]

1. e4 c5 2. Nf3 Nc6 3. d4 cxd4 4. Nxd4 Nf6 5. Nc3 e5 6. Ndb5 h6 7. Be3 a6 8. Nd6+ Bxd6 9. Qxd6 Qe7 10. Qd2 O-O 11. O-O-O b5 12. Kb1 Bb7 13. f3 Rac8 14. g4 Qe6 15. Nd5 Nd4 16. Nxf6+ Qxf6 17. Bxd4 exd4 18. Bg2 d5 19. Qxd4 Qxd4 20. Rxd4 dxe4 21. fxe4 Rfd8 22. Rhd1 Rxd4 23. Rxd4 Re8 24. b3 g6 25. Kc1 Kg7 26. Kd2 Kf6 27. Ke3 Kg5 28. Rd7 Bxe4 29. Bxe4 f5 30. gxf5 gxf5 31. Rd4 Kg4 32. Kd3 fxe4+ 33. Rxe4+ Rxe4 34. Kxe4 Kh3 35. c4 bxc4 36. bxc4 h5 37. c5 h4 38. c6 Kxh2 39. c7 h3 40. c8=Q Kg1 41. Qxh3 1-0


[Site "https://www.chess.com"]

[Event "Titled Tuesday Blitz November 08 Early 2022"]
[White "Todev, Simeon"]
[Black "Gabdrakhmanov, Azat"]
[WhiteFideId "2925133"]
[BlackFideId "34189197"]
[WhiteElo "1938"]
[BlackElo "2254"]
[Result "0-1"]
[Round "01"]
[TimeControl "180+1"]
[Date "2022.11.09"]
[WhiteClock "0:00:08"]
[BlackClock "0:00:12"]

1. e4 c5 2. Nf3 e6 3. c3 d5 4. e5 d4 5. Bd3 Nc6 6. O-O Nge7 7. Re1 Ng6 8. cxd4 cxd4 9. Bxg6 hxg6 10. d3 Be7 11. Na3 Qd7 12. Nc4 b5 13. Ncd2 Bb7 14. Ne4 Rc8 15. Bf4 Nb4 16. Nd6+ Bxd6 17. exd6 f6 18. Nxd4 Bd5 19. Qg4 Kf7 20. Rac1 Nxd3 21. Rxc8 Rxc8 22. Re2 Nxf4 23. Qxf4 e5 24. Qd2 Bc4 25. Re3 Qxd6 26. Nb3 Qxd2 27. Nxd2 Bxa2 28. h3 Bd5 29. Rd3 Ke6 30. Kh2 Rc2 31. b4 e4 32. Nxe4 Bxe4 33. Ra3 Rxf2 34. Rxa7 Rxg2+ 35. Kh1 Ra2+ 36. Kg1 Rxa7 37. h4 Ra3 38. h5 Rh3 39. hxg6 Bxg6 40. Kf2 Rb3 41. Kg2 Rxb4 42. Kf3 Rc4 43. Ke3 Kd5 44. Kd2 b4 45. Ke3 b3 46. Kd2 b2 47. Ke2 b1=Q 48. Kd2 Qa2+ 49. Kd1 Qb3+ 50. Kd2 Rc2+ 51. Kd1 Qb1# 0-1


[Site "https://www.chess.com"]

[Event "Titled Tuesday Blitz November 08 Early 2022"]
[White "Trifan, Andrei Ioan"]
[Black "Wagner, Dennis"]
[WhiteFideId "12967068"]
[BlackFideId "24650684"]
[WhiteElo "2208"]
[BlackElo "2470"]
[Result "0-1"]
[Round "01"]
[TimeControl "180+1"]
[Date "2022.11.09"]
[WhiteClock "0:00:14"]
[BlackClock "0:00:15"]

1. e4 e5 2. Nf3 Nc6 3. Bc4 Bc5 4. d3 Nf6 5. h3 d6 6. Nbd2 O-O 7. a4 Be6 8. O-O h6 9. Re1 a5 10. c3 Ba7 11. Nf1 Bxc4 12. dxc4 Ne7 13. Ng3 Nd7 14. Nh4 Ng6 15. Nhf5 Nf4 16. Nh5 Nxh5 17. Qxh5 Qf6 18. g4 Rae8 19. g5 Qg6 20. Qg4 hxg5 21. Qxg5 Qxg5+ 22. Bxg5 f6 23. Be3 Bxe3 24. Nxe3 Nc5 25. f3 Rf7 26. Kh2 Ra8 27. Rg1 Ra6 28. Rg2 Rb6 29. b4 axb4 30. Nd5 Ra6 31. cxb4 Rxa4 32. Rxa4 Nxa4 33. Ra2 Nb6 34. Ne3 g6 35. c5 dxc5 36. bxc5 Nd7 37. Ra8+ Kg7 38. Ra5 c6 39. Nc4 Rf8 40. Nd6 Rb8 41. Kg3 Kf8 42. f4 Ke7 43. f5 g5 44. Kg4 Nxc5 45. Nc4 Nxe4 46. Nxe5 Nf2+ 47. Kf3 fxe5 48. Kxf2 Kf6 49. Kf3 Kxf5 50. Ra4 b5 51. Ra1 b4 52. Rf1 b3 53. Ke3+ Ke6 54. Kd3 b2 55. Kc2 b1=Q+ 56. Rxb1 Rxb1 57. Kxb1 Kf5 58. Kc2 Kf4 59. h4 gxh4 60. Kd3 h3 61. Ke2 h2 62. Kf2 h1=Q 0-1


[Site "https://www.chess.com"]

[Event "Titled Tuesday Blitz November 08 Early 2022"]
[White "Urazayev, Arystanbek"]
[Black "Winterberg, Lukas"]
[WhiteFideId "13709810"]
[BlackFideId "24622702"]
[WhiteElo "2441"]
[BlackElo "2349"]
[Result "1-0"]
[Round "01"]
[TimeControl "180+1"]
[Date "2022.11.09"]
[WhiteClock "0:02:10"]
[BlackClock "0:01:27"]

1. d4 Nf6 2. c4 e6 3. Nf3 d5 4. Nc3 c5 5. e3 Nc6 6. a3 cxd4 7. exd4 dxc4 8. Bxc4 Be7 9. O-O O-O 10. Re1 b6 11. d5 exd5 12. Nxd5 Nxd5 13. Bxd5 Bb7 14. Bf4 Bf6 15. Rc1 Rc8 16. b4 Re8 17. Qb3 Rxe1+ 18. Rxe1 Qf8 19. h4 h6 20. h5 Ba8 21. Rc1 Ne7 22. Rxc8 Nxc8 23. Bxa8 1-0


[Site "https://www.chess.com"]

[Event "Titled Tuesday Blitz November 08 Early 2022"]
[White "Vaibhav Jayant Raut"]
[Black "Reprintsev, Alexander"]
[WhiteFideId "5089034"]
[BlackFideId "14100541"]
[WhiteElo "2147"]
[BlackElo "2230"]
[Result "1/2-1/2"]
[Round "01"]
[TimeControl "180+1"]
[Date "2022.11.09"]
[WhiteClock "0:00:07"]
[BlackClock "0:00:04"]

1. d4 d5 2. Nf3 Nc6 3. Bf4 Bg4 4. e3 e6 5. Be2 Bd6 6. Bg3 Nce7 7. Nbd2 Nf5 8. Bxd6 Nxd6 9. Ne5 Bxe2 10. Qxe2 Ne7 11. O-O O-O 12. c4 c6 13. Rfc1 f6 14. Nd3 Rc8 15. Nc5 e5 16. Ne6 Qd7 17. Nxf8 Rxf8 18. cxd5 Nxd5 19. dxe5 fxe5 20. Nc4 Nf7 21. Rd1 Qe6 22. Na5 Qe7 23. Rac1 Nd6 24. Qg4 Nf6 25. Qb4 Nd5 26. Qb3 Qf7 27. Rc2 h6 28. Nc4 Ne4 29. Nxe5 Qf5 30. Nf3 Kh8 31. h3 Qg6 32. Kh1 Rxf3 33. gxf3 Qh5 34. Kg2 Ng5 35. Kf1 Qxh3+ 36. Ke2 Qxf3+ 37. Kd2 Ne4+ 38. Kc1 h5 39. Qxb7 Nxf2 40. Qc8+ Kh7 41. Re1 Nd3+ 42. Kd2 Nxe1 43. Kxe1 Qxe3+ 44. Kd1 Qd3+ 45. Kc1 Qf1+ 46. Kd2 Qf4+ 47. Ke1 Qe4+ 48. Re2 Qb1+ 49. Kf2 Qg6 50. Qe6 Qg5 51. Qe4+ Kh6 52. Qe6+ g6 53. Qe8 Qf4+ 54. Ke1 Qc1+ 55. Kf2 Qf4+ 56. Kg1 Qd4+ 57. Kf1 Qd1+ 58. Kg2 Nf4+ 59. Kg3 Qxe2 60. Qf8+ Kh7 61. Qf7+ Kh8 62. Qf6+ Kh7 63. Qf7+ Kh8 64. Qf8+ Kh7 65. Qxf4 Qe1+ 66. Kg2 Qe7 67. Qc4 Qg7 68. Qxc6 Qxb2+ 69. Kh3 Qxa2 70. Qd7+ Kh6 71. Qc8 Qb3+ 72. Kh2 Qb6 73. Qh8+ Kg5 74. Qe5+ Kh6 75. Qh8+ Kg5 76. Qe5+ Kh6 77. Qh8+ 1/2-1/2


[Site "https://www.chess.com"]

[Event "Titled Tuesday Blitz November 08 Early 2022"]
[White "Valle Maytin, Luis Enrique"]
[Black "Postny, Evgeny"]
[WhiteFideId "3503666"]
[BlackFideId "2804344"]
[WhiteElo "2225"]
[BlackElo "2476"]
[Result "0-1"]
[Round "01"]
[TimeControl "180+1"]
[Date "2022.11.09"]
[WhiteClock "0:00:02"]
[BlackClock "0:00:12"]

1. e4 c5 2. Nf3 Nc6 3. d4 cxd4 4. Nxd4 Nf6 5. Nc3 Rb8 6. Bg5 d6 7. Be2 Qa5 8. Bxf6 gxf6 9. Nb3 Qg5 10. g3 Bh3 11. f4 Qg6 12. Bh5 Qh6 13. Qf3 f5 14. O-O-O Bg7 15. exf5 Bxf5 16. g4 Bg6 17. Nd5 Bxh5 18. gxh5 O-O 19. Rhg1 e6 20. Ne3 Kh8 21. Rg5 Qf6 22. c3 Rg8 23. Ng4 Qe7 24. h6 Bf6 25. Rxg8+ Rxg8 26. Nd2 d5 27. Nf1 Bh4 28. Nfe3 f5 29. Ne5 Nxe5 30. fxe5 Bg5 31. Kb1 Bxh6 32. Nc2 Bg7 33. Re1 Qh4 34. Qe2 Qe4 35. Qf2 Qd3 36. a3 b6 37. Ka2 Bh6 38. Nd4 Rg6 39. Qh4 Bg5 40. Qh5 Qd2 41. h4 Qxe1 42. hxg5 Qxe5 43. Qh3 Kg7 44. Qh4 Qe4 45. Qf2 Rxg5 46. Qd2 f4 47. Qf2 Kg6 48. Qxf4 Qxf4 0-1


[Site "https://www.chess.com"]

[Event "Titled Tuesday Blitz November 08 Early 2022"]
[White "Weetik, Vjacheslav"]
[Black "Fawzy, Adham"]
[WhiteFideId "4153472"]
[BlackFideId "10613129"]
[WhiteElo "2469"]
[BlackElo "2541"]
[Result "1-0"]
[Round "01"]
[TimeControl "180+1"]
[Date "2022.11.09"]
[WhiteClock "0:00:48"]
[BlackClock "0:00:22"]

1. d4 Nf6 2. c4 g6 3. Nc3 Bg7 4. e4 d6 5. Nf3 O-O 6. Be2 e5 7. O-O Nc6 8. dxe5 dxe5 9. Bg5 Be6 10. Nd5 Nd4 11. Nxd4 exd4 12. e5 Nxd5 13. Bxd8 Raxd8 14. cxd5 Rxd5 15. Bc4 Rxe5 16. Bxe6 Rxe6 17. Re1 Rd8 18. Rxe6 fxe6 19. Qd3 c5 20. Re1 e5 21. b3 b6 22. g3 Bf6 23. Kg2 Kg7 24. h4 h6 25. Qe4 Rd7 26. Qc6 Re7 27. a4 d3 28. Qd5 e4 29. Rxe4 Rxe4 30. Qxe4 d2 31. Qc2 Bc3 32. Qxc3+ 1-0


[Site "https://www.chess.com"]

[Event "Titled Tuesday Blitz November 08 Early 2022"]
[White "Wieczorek, Oskar"]
[Black "Alahakoon, Isuru"]
[WhiteFideId "1133950"]
[BlackFideId "9900993"]
[WhiteElo "2404"]
[BlackElo "2004"]
[Result "1-0"]
[Round "01"]
[TimeControl "180+1"]
[Date "2022.11.09"]
[WhiteClock "0:00:25"]
[BlackClock "0:00:17"]

1. e4 c6 2. d4 d5 3. Nd2 dxe4 4. Nxe4 Nf6 5. Nxf6+ exf6 6. Be2 Bd6 7. Bf3 O-O 8. Ne2 Re8 9. O-O Nd7 10. c4 Nf8 11. Nc3 Ng6 12. c5 Bc7 13. d5 cxd5 14. Bxd5 Nf4 15. Bxf4 Bxf4 16. Qb3 Qe7 17. g3 Be5 18. Rfe1 Be6 19. Qxb7 Qxc5 20. Bxe6 fxe6 21. Rac1 Rab8 22. Qd7 Bd4 23. Ne4 Qb6 24. Rc7 f5 25. Nc5 Bf6 26. Rxe6 Rxe6 27. Nxe6 Qxb2 28. h4 h6 29. Qf7+ Kh8 30. Nf4 Qb1+ 31. Kh2 Qb2 32. Kg2 Qe5 33. Ng6+ 1-0


[Site "https://www.chess.com"]

[Event "Titled Tuesday Blitz November 08 Early 2022"]
[White "Winkels, Marcel"]
[Black "Bilan, Danila"]
[WhiteFideId "1003887"]
[BlackFideId "24161918"]
[WhiteElo "1900"]
[BlackElo "2173"]
[Result "1-0"]
[Round "01"]
[TimeControl "180+1"]
[Date "2022.11.09"]
[WhiteClock "0:00:30"]
[BlackClock "0:00:02"]

1. e4 c6 2. d4 d5 3. exd5 cxd5 4. c4 Nf6 5. Nc3 Nc6 6. Bg5 e6 7. c5 Be7 8. Nf3 Ne4 9. Bxe7 Qxe7 10. Bb5 Bd7 11. Bxc6 Bxc6 12. Ne5 O-O 13. Nxe4 dxe4 14. Nxc6 bxc6 15. Qc2 f5 16. O-O Rad8 17. Rad1 Rd5 18. f3 exf3 19. Rxf3 Rfd8 20. Qa4 Qd7 21. Ra3 Rxc5 22. Qxa7 Qxa7 23. Rxa7 Rc2 24. Rb7 e5 25. a4 exd4 26. a5 d3 27. a6 d2 28. Kf2 Kf8 29. a7 Rc5 30. Rb8 Rd5 31. a8=Q 1-0


[Site "https://www.chess.com"]

[Event "Titled Tuesday Blitz November 08 Early 2022"]
[White "Wirig, Anthony"]
[Black "Biastoch, Bennet"]
[WhiteFideId "615013"]
[BlackFideId "12939889"]
[WhiteElo "2487"]
[BlackElo "2221"]
[Result "1-0"]
[Round "01"]
[TimeControl "180+1"]
[Date "2022.11.09"]
[WhiteClock "0:00:08"]
[BlackClock "0:00:13"]

1. d4 d5 2. Nf3 Nf6 3. c4 e6 4. Nc3 c6 5. Qd3 Bd6 6. e4 dxe4 7. Nxe4 Nxe4 8. Qxe4 Nd7 9. Bd3 Nf6 10. Qe2 h6 11. O-O O-O 12. Bd2 b6 13. c5 Be7 14. Rac1 Rb8 15. Bf4 Rb7 16. Rfd1 Rd7 17. Ne5 Rc7 18. Bg3 Bb7 19. Bc4 Nd5 20. Bd3 Rc8 21. a3 Bg5 22. Rb1 Bf4 23. Qe4 f5 24. Qe2 Bxg3 25. hxg3 bxc5 26. dxc5 Rc7 27. Re1 Qf6 28. Bc4 Bc8 29. Rbd1 f4 30. g4 Re8 31. Qe4 Bd7 32. Bd3 Ne7 33. Qh7+ Kf8 34. Bg6 Nxg6 35. Nxd7+ Ke7 36. Nxf6 Kxf6 37. Rd6 Rce7 38. Rxc6 Rh8 39. Rexe6+ Rxe6 40. Rxe6+ Kf7 41. Qxg6+ 1-0


[Site "https://www.chess.com"]

[Event "Titled Tuesday Blitz November 08 Early 2022"]
[White "Yuan, Qingyu"]
[Black "Sanchez, Robert"]
[WhiteFideId "8609772"]
[BlackFideId "2034360"]
[WhiteElo "2359"]
[BlackElo "2403"]
[Result "1-0"]
[Round "01"]
[TimeControl "180+1"]
[Date "2022.11.09"]
[WhiteClock "0:00:18"]
[BlackClock "0:01:48"]

1. e4 e6 2. d4 d5 3. Nc3 Nf6 4. Bg5 Be7 5. e5 Nfd7 6. Bxe7 Qxe7 7. Qd2 a6 8. Nd1 c5 9. c3 Nc6 10. f4 f6 11. Nf3 fxe5 12. fxe5 O-O 13. Nf2 cxd4 14. cxd4 Nb6 15. b3 Bd7 16. Be2 Rac8 17. O-O Be8 18. Rac1 Bh5 19. Qe3 Bxf3 20. Bxf3 Qb4 21. Bg4 Qxd4 22. Bxe6+ Kh8 23. Qxd4 Nxd4 24. Bxc8 Ne2+ 25. Kh1 Nxc1 26. Rxc1 Rxc8 27. Rxc8+ Nxc8 28. Nd3 Kg8 29. Nc5 Kf7 30. Nxb7 Ke6 31. Nc5+ Kxe5 32. Nxa6 d4 33. Kg1 Ke4 34. Kf2 Nd6 35. Ke2 d3+ 36. Kd1 Ke3 37. Nc5 Ne4 38. Nxe4 1-0


[Site "https://www.chess.com"]

[Event "Titled Tuesday Blitz November 08 Early 2022"]
[White "Yurovskykh, Oleksandr"]
[Black "Kuchava, Ana"]
[WhiteFideId "14134020"]
[BlackFideId "13605348"]
[WhiteElo "2265"]
[BlackElo "2001"]
[Result "1-0"]
[Round "01"]
[TimeControl "180+1"]
[Date "2022.11.09"]
[WhiteClock "0:00:45"]
[BlackClock "0:00:13"]

1. d4 d5 2. Bg5 Nf6 3. Bxf6 exf6 4. e3 c6 5. c4 Be6 6. cxd5 Bxd5 7. Nc3 Bb4 8. Nf3 Qa5 9. Qc2 Bxf3 10. gxf3 O-O 11. Bd3 h6 12. a3 Bxc3+ 13. Qxc3 Qh5 14. f4 Nd7 15. Be2 Qd5 16. Rg1 f5 17. Rc1 Nf6 18. Bc4 Qd6 19. Qc2 Rae8 20. Kf1 Ne4 21. Bd3 Kh8 22. Bxe4 Rxe4 23. Qc5 Qxc5 24. Rxc5 g6 25. Re5 Rxe5 26. fxe5 Rd8 27. Ke2 Kg7 28. Rc1 f6 29. f4 fxe5 30. fxe5 Kf7 31. h4 g5 32. hxg5 hxg5 33. Rh1 Kg6 34. b4 Re8 35. Kd3 g4 36. Ke2 Kg5 37. Rh7 g3 38. Kf3 Rg8 39. Rxb7 Rh8 40. Kxg3 Rh1 41. Rxa7 Re1 42. Kf3 Ra1 43. Ra6 Rf1+ 44. Ke2 Ra1 45. Rxc6 Rxa3 46. Kd2 Ra2+ 47. Rc2 Ra4 48. Rb2 1-0


[Site "https://www.chess.com"]

[Event "Titled Tuesday Blitz November 08 Early 2022"]
[White "Zaichenko, Daria"]
[Black "Tleptsok, Ruslan"]
[WhiteFideId "4197453"]
[BlackFideId "24104485"]
[WhiteElo "2039"]
[BlackElo "2130"]
[Result "0-1"]
[Round "01"]
[TimeControl "180+1"]
[Date "2022.11.09"]
[WhiteClock "0:01:35"]
[BlackClock "0:02:34"]

1. e4 d5 2. exd5 Nf6 3. d4 Bg4 4. f3 Bf5 5. c4 e6 6. Nc3 exd5 7. b3 Bb4 8. Bb2 O-O 9. Ne2 dxc4 10. bxc4 Nc6 11. g4 Nxg4 12. fxg4 Qh4+ 13. Ng3 Rfe8+ 14. Be2 Bxg4 15. O-O Bh3 16. Nd5 Bxf1 17. Qxf1 Bd6 18. Nf5 Qxh2# 0-1


[Site "https://www.chess.com"]

[Event "Titled Tuesday Blitz November 08 Early 2022"]
[White "Zemlyanskii, Ivan"]
[Black "Cabezas Solano, David Alejandro"]
[WhiteFideId "24249971"]
[BlackFideId "6507522"]
[WhiteElo "2107"]
[BlackElo "2035"]
[Result "1-0"]
[Round "01"]
[TimeControl "180+1"]
[Date "2022.11.09"]
[WhiteClock "0:00:11"]
[BlackClock "0:00:10"]

1. d4 Nf6 2. c4 e6 3. Nf3 d5 4. g3 Be7 5. Bg2 O-O 6. Nc3 dxc4 7. Ne5 Qd6 8. O-O Rd8 9. Bf4 Qa6 10. a4 Bd7 11. Qc2 Nc6 12. Nb5 Rac8 13. Nxd7 Rxd7 14. e3 Na5 15. Rac1 Nd5 16. Rfd1 g5 17. Be5 f6 18. Bxd5 exd5 19. Qf5 Rdd8 20. Bxc7 Rxc7 21. Nxc7 Qc6 22. Nb5 a6 23. Nc3 Nb3 24. Rb1 b5 25. axb5 axb5 26. e4 dxe4 27. d5 Qc5 28. Qe6+ Kg7 29. Nxe4 Qb4 30. d6 Bf8 31. Qxf6+ 1-0


[Site "https://www.chess.com"]

[Event "Titled Tuesday Blitz November 08 Early 2022"]
[White "Zhao, Erick"]
[Black "Vakhania, Alexandra"]
[WhiteFideId "30946930"]
[BlackFideId "13602560"]
[WhiteElo "2585"]
[BlackElo "2053"]
[Result "1-0"]
[Round "01"]
[TimeControl "180+1"]
[Date "2022.11.09"]
[WhiteClock "0:01:29"]
[BlackClock "0:01:16"]

1. e4 c6 2. d4 d5 3. e5 g6 4. Bd3 h5 5. Ne2 Nh6 6. Bg5 Nf5 7. Nd2 Qb6 8. Nb3 e6 9. Bf6 Rh7 10. Qd2 Bg7 11. Bxg7 Rxg7 12. Bxf5 exf5 13. O-O-O Be6 14. Nc5 Nd7 15. Qh6 Rg8 16. Nxe6 fxe6 17. Nf4 Nf8 18. Qg5 Qd8 19. h4 Qxg5 20. hxg5 Kf7 21. Kd2 Nd7 22. Ke3 b5 23. f3 c5 24. c3 b4 25. g4 hxg4 26. fxg4 bxc3 27. bxc3 Rab8 28. gxf5 gxf5 29. Rh7+ Rg7 30. g6+ Kg8 31. Rdh1 Rxh7 32. gxh7+ Kg7 33. Nxe6+ Kh8 34. Ng5 Kg7 35. Kf4 cxd4 36. cxd4 Rh8 37. Kxf5 Nf8 38. e6 Ng6 39. Nf7 Rf8 40. h8=Q+ Nxh8 41. Rxh8 Rxh8 42. Nxh8 1-0


[Site "https://www.chess.com"]

[Event "Titled Tuesday Blitz November 08 Early 2022"]
[White "Zhigalko, Sergei"]
[Black "Manukian, Artak"]
[WhiteFideId "13502956"]
[BlackFideId "13301373"]
[WhiteElo "2662"]
[BlackElo "2130"]
[Result "1/2-1/2"]
[Round "01"]
[TimeControl "180+1"]
[Date "2022.11.09"]
[WhiteClock "0:00:06"]
[BlackClock "0:00:09"]

1. e4 c6 2. d4 d5 3. e5 Bf5 4. Nf3 e6 5. Be2 c5 6. Be3 Qb6 7. Nc3 Qxb2 8. Qb1 Qxb1+ 9. Rxb1 c4 10. Rxb7 Bxc2 11. Kd2 Bg6 12. Bd1 Na6 13. Ba4+ Kd8 14. Nh4 Ne7 15. Nxg6 hxg6 16. Bg5 Kc8 17. Rhb1 Nc7 18. h4 Nf5 19. Bc6 Nxd4 20. Rxc7+ Kxc7 21. Bxa8 Bb4 22. Rxb4 Rxa8 23. Nb5+ Nxb5 24. Rxb5 Kc6 25. Ra5 d4 26. Kc2 Kb6 27. Ra3 a5 28. Rf3 Ra7 29. Bc1 Kc5 30. Rf4 Kd5 31. Rg4 Rb7 32. Bb2 c3 33. Bc1 Kxe5 34. g3 Kd5 35. Kd3 e5 36. f3 Rb1 37. Kc2 Rb5 38. a4 Rb4 39. h5 Kc4 40. hxg6 fxg6 41. Re4 Rxa4 42. f4 exf4 43. gxf4 Ra2+ 44. Kb1 Rg2 45. Re7 d3 46. Rc7+ Kb3 47. Rb7+ Ka4 48. Rc7 d2 49. Bxd2 cxd2 50. Kc2 Rf2 51. Rxg7 Rxf4 52. Kxd2 Rg4 53. Kc2 Kb4 54. Rb7+ Kc5 55. Ra7 a4 56. Kc3 Rg3+ 57. Kc2 a3 58. Rc7+ Kd6 59. Ra7 g5 60. Kd2 Rg2+ 61. Ke3 a2 62. Kf3 Rb2 63. Ke3 Ke5 64. Ra5+ Kf6 65. Ke4 Re2+ 66. Kf3 Rb2 67. Kg4 Rg2+ 68. Kf3 Rh2 69. Kg4 Ke6 70. Kxg5 Kd6 71. Kf4 Kc6 72. Ke3 Kb6 73. Ra8 Kb5 74. Kd3 Kb4 75. Rb8+ Ka3 76. Ra8+ Kb2 77. Rb8+ Ka1 78. Kc3 Rh3+ 79. Kc2 Rh2+ 80. Kc1 Rh1+ 81. Kc2 Rb1 82. Rg8 Rb2+ 83. Kc1 Rh2 84. Rc8 Rh1+ 85. Kc2 Rb1 86. Rf8 Rb2+ 87. Kc1 Rb1+ 88. Kc2 Rb2+ 89. Kc1 Rb1+ 90. Kc2 1/2-1/2


[Site "https://www.chess.com"]

[Event "Titled Tuesday Blitz November 08 Early 2022"]
[White "Zia, Tahsin Tajwar"]
[Black "Hajek, Oskar"]
[WhiteFideId "10211888"]
[BlackFideId "374512"]
[WhiteElo "2061"]
[BlackElo "2144"]
[Result "1-0"]
[Round "01"]
[TimeControl "180+1"]
[Date "2022.11.09"]
[WhiteClock "0:00:03"]
[BlackClock "0:00:02"]

1. d4 d5 2. Nf3 Bf5 3. c4 e6 4. Nc3 Nf6 5. Qb3 Nc6 6. cxd5 exd5 7. e3 Be7 8. Bb5 O-O 9. O-O a6 10. Bxc6 bxc6 11. Ne5 Qd6 12. Na4 Nd7 13. Nxd7 Bxd7 14. Nc5 Bf5 15. Qc3 Qg6 16. f3 Bd6 17. Nb7 Be7 18. Na5 Bd7 19. a3 h5 20. b4 h4 21. Bd2 h3 22. g3 Bd6 23. Kf2 Be7 24. Rac1 c5 25. bxc5 c6 26. Rb1 Rab8 27. Rb4 Rb5 28. Rxb5 axb5 29. Nb3 Ra8 30. Nc1 Bd8 31. Qb2 Bf5 32. Ne2 Bd3 33. Re1 Bc4 34. Nf4 Qf6 35. Bb4 Qh6 36. e4 Bg5 37. Qd2 Kh7 38. exd5 cxd5 39. Re5 f6 40. Re7 Kh8 41. c6 Rc8 42. c7 Kh7 43. Qc2+ Kh8 44. Ng6+ Kg8 45. Qf5 Rxc7 46. Qe6+ Kh7 47. Nf8+ Kh8 48. Re8 1-0


[Site "https://www.chess.com"]

[Event "Titled Tuesday Blitz November 08 Early 2022"]
[White "Zivkovic, Nemanja"]
[Black "Rose, Felix"]
[WhiteFideId "942154"]
[BlackFideId "5105722"]
[WhiteElo "2372"]
[BlackElo "2039"]
[Result "1-0"]
[Round "01"]
[TimeControl "180+1"]
[Date "2022.11.09"]
[WhiteClock "0:00:36"]
[BlackClock "0:00:13"]

1. e4 c5 2. Nf3 d6 3. Bb5+ Bd7 4. Bxd7+ Nxd7 5. O-O Ngf6 6. Qe2 Rc8 7. c3 e6 8. d4 Be7 9. e5 Nd5 10. c4 N5b6 11. exd6 Bxd6 12. d5 e5 13. Nc3 O-O 14. a4 Re8 15. a5 Na8 16. Ng5 Nf6 17. Nce4 h6 18. Nxf6+ Qxf6 19. Ne4 Qd8 20. Ra3 f5 21. Qh5 fxe4 22. Bxh6 Qf6 23. Rg3 Re7 24. Bg5 Qf7 25. Qh4 Rec7 26. Rh3 Qg6 27. f4 exf4 28. Bxf4 Bxf4 29. Qh8+ Kf7 30. Rxf4+ Ke7 31. Qh4+ Kd7 32. Rg3 Qh6 33. Qg4+ Kd6 34. Rxe4 Rd7 35. Re6+ Kc7 36. Rxh6 gxh6 37. Qf4+ Kd8 38. Qf8+ Kc7 39. Qxc5+ Kb8 40. Qd4 b6 41. axb6 Nxb6 42. b3 Re8 43. h3 Rde7 44. Rg7 Rxg7 45. Qxg7 Nc8 46. Qxh6 Ka8 47. Qc6+ Kb8 48. Qxe8 Kb7 49. Qc6+ Kb8 50. h4 a6 51. h5 Na7 52. Qb6+ Ka8 53. h6 a5 54. h7 Nc8 55. h8=Q a4 56. Qxc8# 1-0


[Site "https://www.chess.com"]

[Event "Titled Tuesday Blitz November 08 Early 2022"]
[White "Golubova, Anna"]
[Black "Johnson, Ben"]
[WhiteFideId "24173606"]
[BlackFideId "2010917"]
[WhiteElo "2047"]
[BlackElo "2131"]
[Result "0-1"]
[Round "02"]
[TimeControl "180+1"]
[Date "2022.11.09"]
[WhiteClock "0:01:31"]
[BlackClock "0:00:42"]

1. d4 Nf6 2. Nf3 d5 3. g3 c5 4. c4 cxd4 5. cxd5 Qxd5 6. Qxd4 Nc6 7. Qxd5 Nxd5 8. a3 Bg4 9. Bg2 e6 10. O-O Be7 11. e4 Nb6 12. Nc3 O-O 13. Bf4 Nc4 14. b3 Nxa3 15. h3 Bh5 16. g4 Bg6 17. e5 Rfd8 18. Rac1 a6 19. Na4 Nb5 20. Nc5 Rab8 21. Nxb7 Rxb7 22. Rxc6 Be4 23. Rxa6 Nc3 24. Be3 Nd5 25. Rfa1 Nxe3 26. fxe3 Rxb3 27. Ra8 Rxa8 28. Rxa8+ Bxa8 29. Nd2 Rb2 30. Nc4 Rxg2+ 0-1


[Site "https://www.chess.com"]